Map: 로맨티사이드 - 래더

Players

Solar - Winner!

  • Race: Zerg Zerg
  • League: Master
  • Spawn Location: 5:00

Neeb

  • Race: Protoss Protoss
  • Spawn Location: 11:00

Event: Cheeseadelphia Winter Championship 2021

VOD

Have the link to the VOD?

Description

Time

  • Played on: Jan. 23, 2021, 4:46 p.m.
  • Length: 10:01

All games in this series

Show
View Real Time Build Order
Export as new Build Order

Solar Zerg - Winner!

Build Orders: Hatch First 

Get SALT Encoding   

  12  0:00  Drone  
  13  0:12  Overlord  
  13  0:16  Drone  
  14  0:32  Drone  
  15  0:43  Drone  
  15  0:47  Hatchery  
  15  0:51  Drone  
  15  0:54  Drone  
  17  0:58  Drone  
  18  1:07  Extractor  
  17  1:14  Spawning Pool  
  17  1:17  Drone  
  17  1:19  Drone  
  18  1:28  Drone  
  19  1:38  Drone  
  21  2:01  Zergling x2  
  21  2:04  Overlord  
  22  2:10  Metabolic Boost  
  22  2:20  Spore Crawler  
  22  2:21  Queen, Hatchery  
  22  2:22  Zergling x4  
  25  2:32  Overlord  
  25  2:44  Zergling x2  
  25  2:54  Extractor  
  25  2:56  Drone  
  25  2:59  Lair  
  25  3:07  Overlord  
  25  3:13  Spine Crawler  
  25  3:15  Zergling x2  
  25  3:25  Drone  
  26  3:30  Drone x2  
  26  3:33  Queen, Drone  
  31  3:35  Drone  
  31  3:38  Zergling x2  
  33  3:44  Drone  
  34  3:50  Zergling x2  
  35  3:57  Nydus Network  
  35  3:58  Drone  
  35  4:04  Queen  
  35  4:09  Zergling x2, Queen  
  38  4:12  Drone  
  38  4:14  Zergling x2  
  40  4:18  Zergling x2  
  40  4:20  Drone  
  42  4:34  Hydralisk Den  
  42  4:37  Nydus Canal, Drone  
  42  4:40  Zergling x6  
  42  4:43  Drone  
  46  4:46  Overseer  
  46  4:51  Overlord  
  46  4:53  Drone  
  46  4:56  Drone  
  46  4:58  Unknown  
  41  5:16  Grooved Spines  
  41  5:22  Hydralisk  
  41  5:28  Hydralisk  
  43  5:31  Overlord  
  45  5:38  Hydralisk  
  47  5:45  Hydralisk  
  49  6:00  Hatchery  
  49  6:04  Overlord  
  48  6:08  Hydralisk  
  50  6:15  Hydralisk  
  52  6:19  Drone  
  53  6:27  Muscular Augments  
  53  6:28  Hydralisk  
  55  6:35  Hydralisk  
  57  6:41  Hydralisk  
  57  6:49  Hydralisk  
  53  6:56  Hydralisk  
  51  7:02  Hydralisk  
  53  7:11  Hydralisk  
  53  7:13  Drone  
  56  7:19  Overlord  
  56  7:25  Hydralisk  
  58  7:32  Hydralisk  
  60  7:40  Hydralisk  
  62  7:48  Hydralisk  
  62  7:57  Drone x3  
  64  8:03  Drone x2  
  66  8:18  Spawning Pool, Drone  
  66  8:22  Drone  
  66  8:26  Hydralisk  
  69  8:34  Overlord  
  69  8:38  Hydralisk  
  71  8:44  Drone  
  71  8:47  Hydralisk  
  74  8:50  Hydralisk  
  74  8:55  Hydralisk  
  78  9:02  Overlord  
  78  9:07  Hydralisk  
  78  9:09  Zergling x2  
  82  9:10  Zergling x2  
  82  9:17  Hydralisk  
  82  9:21  Hydralisk  
  84  9:27  Hydralisk  
  84  9:29  Hydralisk  
  75  9:33  Zergling x2  
  75  9:35  Hydralisk  
Show
View Real Time Build Order
Export as new Build Order

Neeb Protoss 

Build Orders:  

Get SALT Encoding   

  12  0:00  Probe  
  13  0:12  Probe  
  14  0:17  Pylon  
  14  0:24  Probe (Chrono Boost)  
  15  0:36  Probe (Chrono Boost)  
  15  0:37  Gateway  
  16  0:44  Probe (Chrono Boost)  
  17  0:51  Forge  
  17  0:54  Probe  
  18  1:02  Assimilator  
  18  1:08  Probe  
  19  1:13  Pylon  
  19  1:22  Pylon  
  19  1:25  Pylon  
  19  1:32  Photon Cannon  
  19  1:40  Gateway  
  19  1:42  Cybernetics Core  
  19  1:45  Probe  
  20  1:59  Assimilator  
  20  2:11  Pylon  
  20  2:14  Pylon  
  20  2:17  Photon Cannon  
  20  2:19  Robotics Facility  
  20  2:29  Photon Cannon  
  20  2:36  Shield Battery  
  20  2:46  Shield Battery  
  20  2:50  Shield Battery  
  22  3:04  Immortal (Chrono Boost)  
  22  3:12  Stalker  
  26  3:32  Warp Prism (Chrono Boost)  
  28  3:42  Zealot  
  28  3:44  Pylon  
  30  3:49  Shield Battery  
  30  4:06  Immortal (Chrono Boost)  
  34  4:18  Probe  
  34  4:19  Warp Gate  
  35  4:29  Gateway  
  35  4:30  Probe  
  36  4:34  Assimilator  
  36  4:42  Probe  
  37  4:54  Gateway  
  37  5:04  Gateway  
  37  5:10  Immortal (Chrono Boost)  
  41  5:39  Immortal (Chrono Boost)  
  45  5:55  Pylon  
  45  6:08  Stalker x4  
  53  6:34  Stalker x2  
  53  6:35  Stalker  
  53  6:38  Zealot  
  55  7:12  Immortal  
  59  7:21  Robotics Bay  
  59  7:24  Pylon  
  59  7:38  Pylon  
  58  8:06  Colossus (Chrono Boost), Adept x2  
  58  8:07  Adept  
  70  8:14  Pylon  
  70  8:15  Pylon  
  70  8:19  Pylon  
  70  8:38  Sentry  
  70  8:39  Adept  
  70  8:40  Adept  
  76  8:45  Adept  
  78  8:57  Observer  
  79  9:05  Adept x2  
  83  9:10  Sentry  
  83  9:15  Adept  
  67  9:36  Adept  
  67  9:37  Adept  
  41  9:49  Adept  
  37  9:57  Adept  
Tags
 
Add a new tag
Caveats
  • Supply blocks, unpowered buildings, or Contaminate may cause inaccurate times.
  • Supply counts are checked every 10 seconds.